[ AOE2 MATCH · #507831736 ]
UnrankedMapuche vs Burmese
Player's team · LOSS
Rival team · WIN
[ REPLAY ANALYSIS · EXTRACTED FROM THE RECORDED GAME ]
Feudal
10:48
Castle
—
Imperial
—
| APM avg | 47.5 |
| APM peak | 75 |
| eAPM avg | 19.2 |
| Villagers / military | 38 / 21 |
Focus
⚔️ 41.5% · 🌾 58.5%
Archer ×20 · Skirmisher ×1
Feudal
9:16
Castle
—
Imperial
—
| APM avg | 78.8 |
| APM peak | 119 |
| eAPM avg | 33.0 |
| Villagers / military | 51 / 20 |
Focus
⚔️ 48.1% · 🌾 51.9%
Archer ×13 · Militia ×5 · Skirmisher ×2
Match map
Initial resources + every placement click. Lines = walls · curves = elevation contours. ◆ gold · ⬟ stone · ● berries · ✦ relic · ◌ wall gap
Your base· Open — unwalled flank
La_Sophie's base· Open — unwalled flank
Smoothed initial terrain · ◌ = detected wall gap · hover for details
Inputs per minute
— Wölman - - La_Sophie
Build order — Wölman
107 actions detected in the replay
| 0:01 | Queue | Villager (Male) |
| 0:02 | Queue | Villager (Male) |
| 0:02 | Build | House |
| 0:04 | Build | House |
| 0:06 | Queue | Villager (Male) |
| 0:06 | Queue | Villager (Male) |
| 1:28 | Queue | Villager (Male) |
| 1:51 | Build | Settlement |
| 1:57 | Queue | Villager (Male) |
| 1:57 | Queue | Villager (Male) |
| 2:19 | Queue | Villager (Male) |
| 2:34 | Queue | Villager (Male) |
| 3:14 | Queue | Villager (Male) |
| 4:03 | Queue | Villager (Male) |
| 4:04 | Queue | Villager (Male) |
| 4:09 | Build | House |
| 4:11 | Build | House |
| 4:19 | Queue | Villager (Male) |
| 4:26 | Build | Palisade Wall |
| 4:47 | Queue | Villager (Male) |
| 5:03 | Queue | Villager (Male) |
| 5:11 | Build | Settlement |
| 6:04 | Queue | Villager (Male) |
| 6:21 | Queue | Villager (Male) |
| 6:40 | Build | House |
| 6:48 | Queue | Villager (Male) |
| 6:54 | Research | Loom |
| 6:54 | Research | Loom |
| 7:01 | Build | Barracks |
| 8:13 | Queue | Villager (Male) |
| 8:13 | Research | Feudal Age |
| 8:15 | Build | House |
| 8:40 | Build | Settlement |
| 8:58 | Build | Palisade Wall |
| 8:59 | Build | Palisade Wall |
| 9:06 | Build | Palisade Wall |
| 9:24 | Build | Palisade Wall |
| 9:27 | Build | Palisade Wall |
| 9:34 | Build | Palisade Wall |
| 9:38 | Build | Palisade Wall |
| 9:40 | Build | House |
| 9:42 | Build | Palisade Wall |
| 9:44 | Build | Palisade Wall |
| 9:47 | Queue | Villager (Male) |
| 10:33 | Build | House |
| 10:35 | Build | Palisade Wall |
| 10:48 | Age | Feudal Age |
| 10:52 | Build | Archery Range |
| 10:54 | Queue | Villager (Male) |
| 10:57 | Research | Double-Bit Axe |
| 11:16 | Queue | Villager (Male) |
| 11:28 | Queue | Archer |
| 11:28 | Queue | Archer |
| 11:43 | Build | Blacksmith |
| 11:46 | Queue | Villager (Male) |
| 11:54 | Queue | Villager (Male) |
| 11:58 | Queue | Archer |
| 12:05 | Queue | Archer |
| 12:21 | Queue | Villager (Male) |
| 12:31 | Research | Fletching |
| 12:33 | Queue | Archer |
| 12:39 | Build | Farm |
| 12:52 | Build | Archery Range |
| 12:59 | Queue | Villager (Male) |
| 13:06 | Queue | Archer |
| 13:23 | Queue | Archer |
| 13:36 | Build | Farm |
| 13:36 | Build | Farm |
| 13:39 | Build | Farm |
| 13:43 | Queue | Villager (Male) |
| 13:45 | Queue | Archer |
| 13:55 | Queue | Archer |
| 14:11 | Build | Farm |
| 14:22 | Queue | Villager (Male) |
| 14:22 | Queue | Archer |
| 14:30 | Queue | Skirmisher |
| 14:40 | Build | Farm |
| 14:53 | Research | Padded Archer Armor |
| 15:15 | Queue | Villager (Male) |
| 15:26 | Queue | Archer |
| 15:26 | Queue | Archer |
| 15:33 | Build | Settlement |
| 15:36 | Build | Farm |
| 15:43 | Queue | Archer |
| 15:44 | Queue | Villager (Male) |
| 15:44 | Queue | Villager (Male) |
| 15:51 | Build | Watch Tower |
| 15:51 | Build | Palisade Wall |
| 15:52 | Build | Palisade Wall |
| 15:53 | Build | Palisade Wall |
| 15:54 | Build | Palisade Wall |
| 15:57 | Queue | Villager (Male) |
| 16:02 | Build | Farm |
| 16:22 | Build | Farm |
| 16:27 | Queue | Archer |
| 16:27 | Queue | Archer |
| 16:56 | Queue | Archer |
| 16:58 | Queue | Villager (Male) |
| 16:58 | Queue | Villager (Male) |
| 17:18 | Queue | Villager (Male) |
| 17:18 | Queue | Villager (Male) |
| 17:19 | Queue | Archer |
| 17:19 | Queue | Archer |
| 17:30 | Queue | Archer |
| 17:30 | Queue | Archer |
| 17:48 | Queue | Villager (Male) |
| 17:48 | Queue | Villager (Male) |
Build order — La_Sophie
128 actions detected in the replay
| 0:01 | Queue | Villager (Male) |
| 0:01 | Queue | Villager (Male) |
| 0:01 | Queue | Villager (Male) |
| 0:01 | Queue | Villager (Male) |
| 0:02 | Queue | Villager (Male) |
| 0:02 | Build | House |
| 0:03 | Build | House |
| 1:28 | Queue | Villager (Male) |
| 1:28 | Queue | Villager (Male) |
| 1:55 | Build | Lumber Camp |
| 2:00 | Queue | Villager (Male) |
| 2:00 | Queue | Villager (Male) |
| 2:20 | Queue | Villager (Male) |
| 2:47 | Queue | Villager (Male) |
| 2:47 | Queue | Villager (Male) |
| 3:09 | Queue | Villager (Male) |
| 3:09 | Queue | Villager (Male) |
| 3:27 | Build | House |
| 3:32 | Queue | Villager (Male) |
| 3:59 | Queue | Villager (Male) |
| 3:59 | Queue | Villager (Male) |
| 4:18 | Queue | Villager (Male) |
| 4:19 | Queue | Villager (Male) |
| 4:38 | Build | House |
| 5:02 | Queue | Villager (Male) |
| 5:20 | Build | Barracks |
| 5:26 | Queue | Villager (Male) |
| 5:27 | Queue | Villager (Male) |
| 5:46 | Queue | Villager (Male) |
| 6:04 | Research | Loom |
| 6:04 | Research | Loom |
| 6:43 | Build | Mining Camp |
| 7:03 | Research | Feudal Age |
| 7:07 | Queue | Militia |
| 7:12 | Build | House |
| 7:22 | Build | House |
| 7:35 | Queue | Militia |
| 8:00 | Queue | Militia |
| 8:37 | Queue | Militia |
| 8:46 | Build | Mill |
| 9:16 | Age | Feudal Age |
| 9:17 | Build | House |
| 9:19 | Research | Man-at-Arms (upgrade) |
| 9:19 | Research | Man-at-Arms (upgrade) |
| 9:37 | Research | Arson |
| 9:37 | Queue | Villager (Male) |
| 9:37 | Queue | Villager (Male) |
| 9:38 | Queue | Villager (Male) |
| 9:47 | Queue | Villager (Male) |
| 10:01 | Build | Lumber Camp |
| 10:05 | Queue | Villager (Male) |
| 10:30 | Queue | Militia |
| 10:38 | Build | Archery Range |
| 10:44 | Queue | Villager (Male) |
| 10:44 | Queue | Villager (Male) |
| 10:47 | Queue | Villager (Male) |
| 10:47 | Queue | Villager (Male) |
| 10:56 | Build | House |
| 10:58 | Build | Palisade Wall |
| 10:59 | Build | Palisade Wall |
| 11:00 | Build | Palisade Wall |
| 11:03 | Build | Farm |
| 11:07 | Build | Palisade Wall |
| 11:09 | Build | Palisade Gate |
| 11:29 | Build | Farm |
| 11:42 | Build | Palisade Wall |
| 11:43 | Build | Palisade Wall |
| 11:45 | Queue | Archer |
| 11:46 | Queue | Archer |
| 11:48 | Queue | Villager (Male) |
| 11:48 | Queue | Villager (Male) |
| 11:51 | Queue | Skirmisher |
| 11:52 | Queue | Skirmisher |
| 11:54 | Queue | Archer |
| 11:59 | Build | Palisade Wall |
| 12:10 | Queue | Villager (Male) |
| 12:10 | Queue | Villager (Male) |
| 12:26 | Queue | Archer |
| 12:26 | Queue | Archer |
| 12:29 | Build | Farm |
| 12:55 | Build | Blacksmith |
| 13:02 | Queue | Archer |
| 13:19 | Queue | Villager (Male) |
| 13:20 | Queue | Villager (Male) |
| 13:24 | Queue | Villager (Male) |
| 13:29 | Build | Farm |
| 13:34 | Queue | Villager (Male) |
| 13:39 | Build | House |
| 13:44 | Research | Fletching |
| 13:44 | Research | Fletching |
| 13:45 | Queue | Villager (Male) |
| 13:47 | Build | Farm |
| 13:52 | Queue | Archer |
| 13:56 | Build | Farm |
| 13:56 | Queue | Villager (Male) |
| 13:56 | Queue | Villager (Male) |
| 14:24 | Research | Padded Archer Armor |
| 14:24 | Research | Padded Archer Armor |
| 14:24 | Queue | Archer |
| 14:39 | Queue | Villager (Male) |
| 14:42 | Build | House |
| 14:44 | Build | Palisade Wall |
| 14:58 | Queue | Villager (Male) |
| 14:58 | Queue | Villager (Male) |
| 15:00 | Build | Farm |
| 15:01 | Build | Farm |
| 15:18 | Queue | Archer |
| 15:21 | Build | Farm |
| 15:31 | Queue | Villager (Male) |
| 15:32 | Queue | Villager (Male) |
| 15:34 | Build | Farm |
| 15:50 | Queue | Villager (Male) |
| 16:00 | Build | Farm |
| 16:04 | Queue | Archer |
| 16:16 | Queue | Villager (Male) |
| 16:49 | Build | Farm |
| 16:51 | Build | Farm |
| 16:51 | Queue | Villager (Male) |
| 17:16 | Build | Farm |
| 17:16 | Build | Farm |
| 17:16 | Build | Farm |
| 17:16 | Build | Farm |
| 17:17 | Build | Farm |
| 17:25 | Queue | Archer |
| 17:28 | Build | Palisade Wall |
| 17:57 | Queue | Archer |
| 17:57 | Queue | Archer |
| 18:00 | Build | Archery Range |
Match timeline
| 4:26 | Wölman · wall_segment Palisade Wall x6 |
| 5:20 | La_Sophie · first_building Barracks |
| 7:01 | Wölman · first_building Barracks |
| 8:58 | Wölman · wall_segment Palisade Wall x1 |
| 8:59 | Wölman · wall_segment Palisade Wall x1 |
| 9:06 | Wölman · wall_segment Palisade Wall x1 |
| 9:16 | La_Sophie · age_up feudal |
| 9:24 | Wölman · wall_segment Palisade Wall x1 |
| 9:27 | Wölman · wall_segment Palisade Wall x1 |
| 9:34 | Wölman · wall_segment Palisade Wall x1 |
| 9:38 | Wölman · wall_segment Palisade Wall x1 |
| 9:42 | Wölman · wall_segment Palisade Wall x1 |
| 9:44 | Wölman · wall_segment Palisade Wall x1 |
| 10:35 | Wölman · wall_segment Palisade Wall x1 |
| 10:38 | La_Sophie · first_building Archery Range |
| 10:48 | Wölman · age_up feudal |
| 10:52 | Wölman · first_building Archery Range |
| 10:58 | La_Sophie · wall_segment Palisade Wall x1 |
| 10:59 | La_Sophie · wall_segment Palisade Wall x1 |
| 11:00 | La_Sophie · wall_segment Palisade Wall x1 |
| 11:07 | La_Sophie · wall_segment Palisade Wall x6 |
| 11:42 | La_Sophie · wall_segment Palisade Wall x2 |
| 11:43 | La_Sophie · wall_segment Palisade Wall x6 |
| 11:59 | La_Sophie · wall_segment Palisade Wall x15 |
| 14:44 | La_Sophie · wall_segment Palisade Wall x8 |
| 15:51 | Wölman · wall_segment Palisade Wall x1 |
| 15:52 | Wölman · wall_segment Palisade Wall x1 |
| 15:53 | Wölman · wall_segment Palisade Wall x1 |
| 15:54 | Wölman · wall_segment Palisade Wall x1 |
| 17:28 | La_Sophie · wall_segment Palisade Wall x1 |
| 18:09 | Wölman · resign |
[ AI ANALYSIS · 1 CREDIT ]
What really happened in this match?
Wolo.gg analyzes every decision: build order, eco, micro, common mistakes by bracket. Personalized analysis on WhatsApp or Discord in 30 seconds.
Civ guide
Mapuche
Perfil
Jugador #3674871